[Event "ESTCC-65 2025"]
[Site "Swidnica"]
[Date "2025.04.12"]
[Round "8.15"]
[White "Stuer, Marc"]
[Black "Czajkowski, Ryszard"]
[Result "1-0"]
[Annotator "NA"]
[ECO "D78"]
[WhiteElo "2038"]
[BlackElo "1963"]
[PlyCount "79"]
[EventDate "2025.04.05"]
[EventType "team-tourn"]
[EventCountry "POL"]
[SourceTitle "playchess.com"]
[Source "ChessBase"]
[SourceQuality "1"]
[WhiteTeam "Belgium"]
[BlackTeam "Poland"]
[WhiteTeamCountry "BEL"]
[BlackTeamCountry "POL"]
[TimeControl "40/5400+30:1800+30"]

1. d4 Nf6 2. Nf3 g6 3. g3 Bg7 4. Bg2 d5 5. O-O O-O 6. c4 c6 7. b3 Bf5 8. Bb2 Nbd7 9. Nc3 Ne4 10. cxd5 Nxc3 11. Bxc3 cxd5 12. Rc1 Be4 13. Qd2 Re8 14. Rfd1 Rc8 15. a4 Qb6 16. b4 Qf6 17. Ne5 Nxe5 18. dxe5 Qa6 19. f3 Bf5 20. Qxd5 Qxa4 21. Be1 Rxc1 22. Rxc1 Qa3 23. Rc7 Qa1 24. Qd2 Bxe5 25. Rc1 Qa6 26. e4 Be6 27. f4 Bc7 28. Rxc7 Qb6+ 29. Rc5 a5 30. Bf2 Qxb4 31. Qxb4 axb4 32. f5 Ba2 33. Bf1 b3 34. Bc4 Ra8 35. Bd4 Rd8 36. Bc3 b6 37. Rb5 Rc8 38. Rxb6 e5 39. Bxe5 Kf8 40. Rb8 1-0

[Event "ESTCC-65 2025"]
[Site "Swidnica"]
[Date "2025.04.12"]
[Round "8.16"]
[White "Krupa, Krzysztof"]
[Black "Van Herck, Marcel"]
[Result "1/2-1/2"]
[Annotator "NA"]
[ECO "C13"]
[WhiteElo "1919"]
[BlackElo "1962"]
[PlyCount "49"]
[EventDate "2025.04.05"]
[EventType "team-tourn"]
[EventCountry "POL"]
[SourceTitle "playchess.com"]
[Source "ChessBase"]
[SourceQuality "1"]
[WhiteTeam "Poland"]
[BlackTeam "Belgium"]
[WhiteTeamCountry "POL"]
[BlackTeamCountry "BEL"]
[TimeControl "40/5400+30:1800+30"]

1. e4 e6 2. d4 d5 3. Nc3 Nf6 4. Bg5 Be7 5. e5 Nfd7 6. h4 h6 7. Bxe7 Qxe7 8. Qg4 O-O 9. O-O-O c5 10. f4 Nc6 11. Nf3 cxd4 12. Nb5 f6 13. Nbxd4 fxe5 14. Nxc6 bxc6 15. fxe5 Qf7 16. Re1 Qf4+ 17. Qxf4 Rxf4 18. c3 c5 19. h5 a5 20. Rh4 Rxh4 21. Nxh4 Ba6 22. Ng6 Bxf1 23. Rxf1 a4 24. Rf4 c4 25. Ne7+ 1/2-1/2

[Event "ESTCC-65 2025"]
[Site "Swidnica"]
[Date "2025.04.13"]
[Round "9.1"]
[White "Beilfuss, Wilfried"]
[Black "Rooze, Jan"]
[Result "1-0"]
[Annotator "ChessBase"]
[ECO "A46"]
[WhiteElo "2070"]
[BlackElo "2198"]
[PlyCount "65"]
[EventDate "2025.04.05"]
[EventType "team-tourn"]
[EventCountry "POL"]
[SourceTitle "playchess.com"]
[Source "ChessBase"]
[SourceQuality "1"]
[WhiteTeam "Germany"]
[BlackTeam "Belgium"]
[WhiteTeamCountry "GER"]
[BlackTeamCountry "BEL"]
[TimeControl "40/5400+30:1800+30"]

1. d4 Nf6 2. Nf3 e6 3. g3 c5 4. Bg2 cxd4 5. O-O d5 6. Nxd4 e5 7. Nf3 Nc6 8. c4 d4 9. e3 Be7 10. exd4 exd4 11. Bf4 O-O 12. Ne5 Qb6 13. Re1 Be6 14. Nd2 Rac8 15. a3 a5 16. Nd3 Rfe8 17. Rc1 h6 18. Ne4 Nxe4 19. Bxe4 Bf6 20. b4 axb4 21. axb4 Ra8 22. Bd2 Ra2 23. Rc2 Rea8 24. Rxa2 Rxa2 25. Qc1 g5 26. h4 Qd8 27. Nc5 Bc8 28. Bd5 Bf5 29. Nxb7 Qc7 30. hxg5 Rc2 31. Qd1 hxg5 32. Bxg5 Nxb4 33. Bxf6 1-0

[Event "ESTCC-65 2025"]
[Site "Swidnica"]
[Date "2025.04.13"]
[Round "9.2"]
[White "Goormachtigh, Johan"]
[Black "Mueller, Gerhard"]
[Result "1-0"]
[Annotator "ChessBase"]
[ECO "D52"]
[WhiteElo "2207"]
[BlackElo "2052"]
[PlyCount "67"]
[EventDate "2025.04.05"]
[EventType "team-tourn"]
[EventCountry "POL"]
[SourceTitle "playchess.com"]
[Source "ChessBase"]
[SourceQuality "1"]
[WhiteTeam "Belgium"]
[BlackTeam "Germany"]
[WhiteTeamCountry "BEL"]
[BlackTeamCountry "GER"]
[TimeControl "40/5400+30:1800+30"]

1. d4 d5 2. Nf3 Nf6 3. c4 c6 4. Nc3 e6 5. Bg5 Nbd7 6. e3 Qa5 7. Nd2 dxc4 8. Bxf6 Nxf6 9. Nxc4 Qc7 10. Rc1 Be7 11. g3 O-O 12. Bg2 Bd7 13. Qb3 b5 14. Ne5 Qb6 15. O-O Rac8 16. Ne4 Rfd8 17. Nc5 Be8 18. Rc2 Bd6 19. Ned3 Bxc5 20. Nxc5 Nd7 21. Rfc1 Nxc5 22. Rxc5 Rd6 23. Rxb5 cxb5 24. Rxc8 Rd8 25. Qc3 Bd7 26. Rc7 a6 27. Qc5 Qxc5 28. dxc5 Kf8 29. Bb7 a5 30. c6 Be8 31. Ba6 Rb8 32. Rb7 Rc8 33. c7 Ke7 34. Ra7 1-0

[Event "ESTCC-65 2025"]
[Site "Swidnica"]
[Date "2025.04.13"]
[Round "9.3"]
[White "Lange, Torsten"]
[Black "Stuer, Marc"]
[Result "0-1"]
[Annotator "NA"]
[ECO "A10"]
[WhiteElo "2025"]
[BlackElo "2038"]
[PlyCount "94"]
[EventDate "2025.04.05"]
[EventType "team-tourn"]
[EventCountry "POL"]
[SourceTitle "playchess.com"]
[Source "ChessBase"]
[SourceQuality "1"]
[WhiteTeam "Germany"]
[BlackTeam "Belgium"]
[WhiteTeamCountry "GER"]
[BlackTeamCountry "BEL"]
[TimeControl "40/5400+30:1800+30"]

1. c4 f5 2. Nc3 Nf6 3. Nf3 d6 4. g3 g6 5. Bg2 Bg7 6. O-O O-O 7. d3 e5 8. Rb1 a5 9. a3 Nc6 10. Nd2 Be6 11. Nd5 Rb8 12. b4 axb4 13. axb4 Ne7 14. Qb3 c6 15. Nxe7+ Qxe7 16. b5 c5 17. Bb2 f4 18. Ne4 fxg3 19. hxg3 Ng4 20. Ra1 h5 21. Bc1 Bh6 22. Bxh6 Nxh6 23. Qb2 Nf5 24. Qd2 Nd4 25. Ra2 Kg7 26. Qg5 Qd7 27. Nc3 Ra8 28. Rfa1 Rf5 29. Qh4 Raf8 30. Ra7 Rxf2 31. Be4 Qf7 32. Rxb7 Bd7 33. Bg2 Nxe2+ 34. Nxe2 Rxe2 35. Qh1 h4 36. Rf1 Rf2 37. Ra1 hxg3 38. Rxd7 Qxd7 39. b6 Qg4 40. Ra7+ Kf6 41. Qh3 Kg5 42. Qxg4+ Kxg4 43. Rg7 g5 44. Rh7 Rb2 45. Bh3+ Kf3 46. b7 Rb1+ 47. Bf1 Kg4 0-1

[Event "ESTCC-65 2025"]
[Site "Swidnica"]
[Date "2025.04.13"]
[Round "9.4"]
[White "Van Herck, Marcel"]
[Black "Becker, Norbert"]
[Result "1-0"]
[Annotator "NA"]
[ECO "B27"]
[WhiteElo "1962"]
[BlackElo "2032"]
[PlyCount "110"]
[EventDate "2025.04.05"]
[EventType "team-tourn"]
[EventCountry "POL"]
[SourceTitle "playchess.com"]
[Source "ChessBase"]
[SourceQuality "1"]
[WhiteTeam "Belgium"]
[BlackTeam "Germany"]
[WhiteTeamCountry "BEL"]
[BlackTeamCountry "GER"]
[TimeControl "40/5400+30:1800+30"]

1. e4 c5 2. Nf3 g6 3. d4 cxd4 4. Qxd4 Nf6 5. Bb5 Nc6 6. Bxc6 dxc6 7. Qxd8+ Kxd8 8. Nc3 Bg7 9. Bf4 Ke8 10. h3 Nd7 11. e5 Nc5 12. O-O-O Ne6 13. Be3 b6 14. Rd2 Bb7 15. Rhd1 Rd8 16. Rxd8+ Nxd8 17. a4 Ne6 18. a5 c5 19. axb6 axb6 20. Nd5 Bxd5 21. Rxd5 f6 22. b4 cxb4 23. Rb5 Kf7 24. Rxb6 Nc7 25. exf6 Bxf6 26. Rxb4 Nd5 27. Rb3 Nxe3 28. Rxe3 Rc8 29. Kd2 Rd8+ 30. Rd3 Ra8 31. h4 Ra5 32. g3 Ke8 33. Nd4 Kf7 34. Ne2 Bg7 35. Ke3 Re5+ 36. Kf3 Rf5+ 37. Kg2 Re5 38. Rf3+ Ke8 39. Re3 Rc5 40. c3 Rc4 41. Kf3 Kf7 42. Re4 Rc6 43. c4 Bh6 44. Nc3 Rb6 45. Rxe7+ Kxe7 46. Nd5+ Kd6 47. Nxb6 Bg7 48. Nd5 Kc5 49. Ne3 Kd4 50. Kg4 Bh6 51. Kf3 Bg7 52. h5 Bf8 53. hxg6 hxg6 54. Kg4 Bh6 55. Nd5 g5 1-0

[Event "ESTCC-65 2025"]
[Site "Swidnica"]
[Date "2025.04.13"]
[Round "9.5"]
[White "Nunn, John D M"]
[Black "Westerinen, Heikki M.J."]
[Result "1-0"]
[Annotator "ChessBase"]
[ECO "C02"]
[WhiteElo "2528"]
[BlackElo "2209"]
[PlyCount "67"]
[EventDate "2025.04.05"]
[EventType "team-tourn"]
[EventCountry "POL"]
[SourceTitle "playchess.com"]
[Source "ChessBase"]
[SourceQuality "1"]
[WhiteTeam "England"]
[BlackTeam "Finland"]
[WhiteTeamCountry "ENG"]
[BlackTeamCountry "FIN"]
[TimeControl "40/5400+30:1800+30"]

1. e4 e6 2. d4 d5 3. e5 c5 4. c3 Nc6 5. Nf3 Nh6 6. Bxh6 gxh6 7. Bb5 Qb6 8. Qe2 a6 9. Ba4 Qa5 10. Bxc6+ bxc6 11. O-O Qb5 12. c4 Qxc4 13. Qxc4 dxc4 14. dxc5 a5 15. Nbd2 Ba6 16. Ne4 Be7 17. Rfd1 Rb8 18. Rd2 O-O 19. Rad1 f5 20. Nd6 Bg5 21. Rc2 Bb5 22. Re1 a4 23. h4 Bd8 24. Nd4 Ba5 25. Rec1 Rfe8 26. Nxe8 Rxe8 27. Rxc4 Bd2 28. R1c2 Bxc4 29. Rxc4 Rb8 30. Rc2 Bf4 31. Nxc6 Rb7 32. g3 Rc7 33. gxf4 Rxc6 34. b4 1-0

[Event "ESTCC-65 2025"]
[Site "Swidnica"]
[Date "2025.04.13"]
[Round "9.6"]
[White "Joentausta, Hannu"]
[Black "Mestel, A Jonathan"]
[Result "1/2-1/2"]
[Annotator "ChessBase"]
[ECO "E91"]
[WhiteElo "2081"]
[BlackElo "2449"]
[PlyCount "63"]
[EventDate "2025.04.05"]
[EventType "team-tourn"]
[EventCountry "POL"]
[SourceTitle "playchess.com"]
[Source "ChessBase"]
[SourceQuality "1"]
[WhiteTeam "Finland"]
[BlackTeam "England"]
[WhiteTeamCountry "FIN"]
[BlackTeamCountry "ENG"]
[TimeControl "40/5400+30:1800+30"]

1. d4 Nf6 2. c4 g6 3. Nc3 Bg7 4. e4 d6 5. Nf3 O-O 6. Be2 Nbd7 7. O-O e5 8. Be3 c6 9. Qc2 Ng4 10. Bg5 f6 11. Bd2 Nh6 12. d5 Qe7 13. b4 f5 14. Bg5 Qe8 15. Rad1 Nf7 16. dxc6 bxc6 17. b5 Nb6 18. a4 Be6 19. bxc6 Qxc6 20. a5 Nd7 21. Nd5 Bxd5 22. exd5 Qc7 23. Bd2 e4 24. Ng5 Nxg5 25. Bxg5 Rae8 26. Qa4 Ne5 27. Bf4 Rb8 28. Rb1 Rfc8 29. Rfc1 h5 30. h3 Kh7 31. Be3 Rxb1 32. Rxb1 1/2-1/2

[Event "ESTCC-65 2025"]
[Site "Swidnica"]
[Date "2025.04.13"]
[Round "9.7"]
[White "Large, Peter G"]
[Black "Vinke, Dietmar"]
[Result "1/2-1/2"]
[Annotator "ChessBase"]
[ECO "A45"]
[WhiteElo "2342"]
[BlackElo "2078"]
[PlyCount "89"]
[EventDate "2025.04.05"]
[EventType "team-tourn"]
[EventCountry "POL"]
[SourceTitle "playchess.com"]
[Source "ChessBase"]
[SourceQuality "1"]
[WhiteTeam "England"]
[BlackTeam "Finland"]
[WhiteTeamCountry "ENG"]
[BlackTeamCountry "FIN"]
[TimeControl "40/5400+30:1800+30"]

1. d4 Nf6 2. Bg5 c5 3. Bxf6 gxf6 4. d5 d6 5. Nd2 Bg7 6. e3 O-O 7. Nh3 f5 8. Qh5 e5 9. e4 Qf6 10. Bd3 Qg6 11. Qxg6 hxg6 12. Ng5 Bf6 13. h4 Na6 14. c3 Nc7 15. f3 f4 16. Ke2 Kg7 17. g3 fxg3 18. Rag1 Rh8 19. Rxg3 Bd7 20. Nc4 Be7 21. b4 b5 22. Ne3 c4 23. Bc2 f6 24. Ne6+ Bxe6 25. dxe6 Nxe6 26. Nd5 Kf7 27. Rg4 Rh6 28. a4 a6 29. Ra1 bxa4 30. Rxa4 g5 31. Bb1 gxh4 32. Ba2 Bd8 33. Bxc4 Kf8 34. Ne3 Nf4+ 35. Kf1 h3 36. Rg8+ Ke7 37. Rg7+ Ke8 38. Nf5 Bb6 39. Nxd6+ Kd8 40. Bb5 Ra7 41. Rg8+ Kc7 42. Ne8+ Kb7 43. Nd6+ Kc7 44. Ne8+ Kb7 45. Nd6+ 1/2-1/2

[Event "ESTCC-65 2025"]
[Site "Swidnica"]
[Date "2025.04.13"]
[Round "9.8"]
[White "Patola, Eero"]
[Black "Baker, Chris W"]
[Result "0-1"]
[Annotator "ChessBase"]
[ECO "A22"]
[WhiteElo "1872"]
[BlackElo "2151"]
[PlyCount "112"]
[EventDate "2025.04.05"]
[EventType "team-tourn"]
[EventCountry "POL"]
[SourceTitle "playchess.com"]
[Source "ChessBase"]
[SourceQuality "1"]
[WhiteTeam "Finland"]
[BlackTeam "England"]
[WhiteTeamCountry "FIN"]
[BlackTeamCountry "ENG"]
[TimeControl "40/5400+30:1800+30"]

1. c4 e5 2. Nc3 Nf6 3. e4 Bc5 4. g3 O-O 5. d3 d6 6. h3 c6 7. Bg2 a5 8. Nge2 b5 9. O-O b4 10. Nb1 Qb6 11. Nd2 a4 12. Nf3 Be6 13. Bg5 Nbd7 14. Qd2 h6 15. Be3 d5 16. Bxc5 Qxc5 17. cxd5 cxd5 18. Rfc1 Qb6 19. exd5 Bxd5 20. Qe3 Qb7 21. Ne1 Bxg2 22. Nxg2 Nd5 23. Qd2 Rac8 24. Ne3 Nxe3 25. Qxe3 Qd5 26. Qe4 Qxe4 27. dxe4 Nc5 28. Rc4 Nd3 29. b3 Rxc4 30. bxc4 Rc8 31. Rd1 Nb2 32. Rd5 Rxc4 33. Rxe5 f6 34. Ra5 Rxe4 35. Kf1 a3 36. h4 Nc4 37. Ra8+ Kf7 38. f3 Re3 39. Kf2 b3 40. Ra7+ Kg8 41. axb3 Rxb3 42. Ra4 Nb6 43. Ra7 Nd5 44. h5 Kf8 45. g4 Nb4 46. Nd4 Rb2+ 47. Kg3 a2 48. Ne6+ Kg8 49. Rxg7+ Kh8 50. Ra7 Rb1 51. Ra8+ Kh7 52. Ra7+ Kg8 53. Rg7+ Kh8 54. Rg6 a1=Q 55. Rxh6+ Kg8 56. Rg6+ Kf7 0-1

[Event "ESTCC-65 2025"]
[Site "Swidnica"]
[Date "2025.04.13"]
[Round "9.9"]
[White "Vadlja, Stjepan"]
[Black "Maier, Christian"]
[Result "0-1"]
[Annotator "ChessBase"]
[ECO "D30"]
[WhiteElo "1697"]
[BlackElo "2233"]
[PlyCount "71"]
[EventDate "2025.04.05"]
[EventType "team-tourn"]
[EventCountry "POL"]
[SourceTitle "playchess.com"]
[Source "ChessBase"]
[SourceQuality "1"]
[WhiteTeam "Croatia"]
[BlackTeam "Germany"]
[WhiteTeamCountry "CRO"]
[BlackTeamCountry "GER"]
[TimeControl "40/5400+30:1800+30"]

1. d4 d5 2. c4 e6 3. e3 Nf6 4. Bd2 c5 5. Nf3 Nc6 6. Bc3 cxd4 7. Nxd4 Be7 8. Be2 O-O 9. Nd2 Bd7 10. a3 Qb8 11. b4 e5 12. N4b3 Bd6 13. Rc1 Be6 14. c5 Bc7 15. h3 Re8 16. O-O Qd8 17. Bb5 Bd7 18. Be2 Ne7 19. b5 Ng6 20. Bb4 Be6 21. a4 d4 22. exd4 exd4 23. a5 Nd5 24. Ba3 Nc3 25. Rxc3 dxc3 26. Nf3 Bxb3 27. Qxb3 Rxe2 28. Qxc3 Bxa5 29. Qc4 Re8 30. Bb2 Bc7 31. Qg4 Ne5 32. Nxe5 Bxe5 33. Bc1 Qd4 34. Qf3 Qxc5 35. Qxb7 Rab8 36. Qc6 0-1

[Event "ESTCC-65 2025"]
[Site "Swidnica"]
[Date "2025.04.13"]
[Round "9.10"]
[White "Raupp, Thomas"]
[Black "Sobocanec, Alojz"]
[Result "1-0"]
[Annotator "ChessBase"]
[ECO "A11"]
[WhiteElo "2247"]
[BlackElo "1792"]
[PlyCount "59"]
[EventDate "2025.04.05"]
[EventType "team-tourn"]
[EventCountry "POL"]
[SourceTitle "playchess.com"]
[Source "ChessBase"]
[SourceQuality "1"]
[WhiteTeam "Germany"]
[BlackTeam "Croatia"]
[WhiteTeamCountry "GER"]
[BlackTeamCountry "CRO"]
[TimeControl "40/5400+30:1800+30"]

1. c4 c6 2. Nf3 d6 3. d4 e6 4. g3 Nf6 5. Bg2 Be7 6. O-O O-O 7. b3 d5 8. Bb2 Ne4 9. Nbd2 f5 10. Ne5 Nd7 11. Nd3 Bg5 12. Nf3 Be7 13. Qc2 h6 14. Rad1 Rb8 15. Nf4 Rf6 16. Ne5 Nf8 17. Nh5 Bd6 18. Nxf6+ Qxf6 19. f3 Ng5 20. e4 Qd8 21. Rfe1 Qc7 22. cxd5 Qb6 23. Nc4 Qc7 24. Nxd6 Qxd6 25. dxc6 bxc6 26. e5 Qe7 27. f4 Nf7 28. Bxc6 Bb7 29. Bxb7 Rxb7 30. d5 1-0

[Event "ESTCC-65 2025"]
[Site "Swidnica"]
[Date "2025.04.13"]
[Round "9.11"]
[White "Novak, Stjepan"]
[Black "Miltner, Arndt"]
[Result "0-1"]
[Annotator "ChessBase"]
[ECO "B00"]
[WhiteElo "1671"]
[BlackElo "2232"]
[PlyCount "28"]
[EventDate "2025.04.05"]
[EventType "team-tourn"]
[EventCountry "POL"]
[SourceTitle "playchess.com"]
[Source "ChessBase"]
[SourceQuality "1"]
[WhiteTeam "Croatia"]
[BlackTeam "Germany"]
[WhiteTeamCountry "CRO"]
[BlackTeamCountry "GER"]
[TimeControl "40/5400+30:1800+30"]

1. e4 d6 2. f4 Nf6 3. d3 d5 4. e5 Ng8 5. d4 g6 6. c4 c6 7. Qa4 dxc4 8. Qxc4 Nh6 9. h3 Nf5 10. Ne2 h5 11. Nbc3 Be6 12. Qd3 Na6 13. a3 Nc5 14. Qd2 Nb3 0-1

[Event "ESTCC-65 2025"]
[Site "Swidnica"]
[Date "2025.04.13"]
[Round "9.12"]
[White "Vogel, Robert"]
[Black "Petanjek, Zvonko"]
[Result "1-0"]
[Annotator "ChessBase"]
[ECO "D30"]
[WhiteElo "2145"]
[BlackElo "1732"]
[PlyCount "77"]
[EventDate "2025.04.05"]
[EventType "team-tourn"]
[EventCountry "POL"]
[SourceTitle "playchess.com"]
[Source "ChessBase"]
[SourceQuality "1"]
[WhiteTeam "Germany"]
[BlackTeam "Croatia"]
[WhiteTeamCountry "GER"]
[BlackTeamCountry "CRO"]
[TimeControl "40/5400+30:1800+30"]

1. d4 d5 2. c4 e6 3. Nf3 Nf6 4. g3 h6 5. Bg2 Be7 6. O-O O-O 7. Nbd2 Nc6 8. b3 Nh7 9. Bb2 Ng5 10. Re1 Bf6 11. e3 Ne7 12. Qc2 Ng6 13. Rad1 c6 14. e4 Be7 15. h4 Nh7 16. e5 Bb4 17. Re2 Bxd2 18. Rdxd2 Re8 19. Rd3 Ne7 20. Qd2 Nf5 21. Bc1 a6 22. c5 Rb8 23. Ba3 Bd7 24. Bb4 b6 25. cxb6 Qxb6 26. Bc5 Qd8 27. Re1 Bc8 28. Bf1 Nf8 29. Rc3 Nd7 30. Ba3 Qa5 31. Qb2 Qb6 32. Rc2 Qd8 33. Rxc6 Rb6 34. Rec1 Rxc6 35. Rxc6 Nb8 36. Rc1 Nd7 37. Bd3 Ne7 38. Qc3 Bb7 39. Qc7 1-0

[Event "ESTCC-65 2025"]
[Site "Swidnica"]
[Date "2025.04.13"]
[Round "9.13"]
[White "Quinn, John M"]
[Black "Sandner, Gunter"]
[Result "1/2-1/2"]
[Annotator "ChessBase"]
[ECO "A40"]
[WhiteElo "2073"]
[BlackElo "2243"]
[PlyCount "56"]
[EventDate "2025.04.05"]
[EventType "team-tourn"]
[EventCountry "POL"]
[SourceTitle "playchess.com"]
[Source "ChessBase"]
[SourceQuality "1"]
[WhiteTeam "England"]
[BlackTeam "Germany"]
[WhiteTeamCountry "ENG"]
[BlackTeamCountry "GER"]
[TimeControl "40/5400+30:1800+30"]

1. d4 g6 2. c4 Bg7 3. Nc3 c5 4. d5 d6 5. e4 Nf6 6. Nge2 O-O 7. Ng3 a6 8. a4 e6 9. Be2 Re8 10. O-O exd5 11. cxd5 Nbd7 12. h3 Qc7 13. Be3 Rb8 14. Qd2 h5 15. f3 Nf8 16. Rfc1 Qe7 17. Bg5 N8h7 18. Bf4 Nd7 19. Kh1 Ne5 20. Nf1 g5 21. Bh2 Ng6 22. Ne3 Be5 23. Bxe5 Qxe5 24. Nc4 Qf6 25. a5 Nhf8 26. Rf1 Nf4 27. Bd1 N8g6 28. Ba4 Rd8 1/2-1/2

[Event "ESTCC-65 2025"]
[Site "Swidnica"]
[Date "2025.04.13"]
[Round "9.14"]
[White "Kyas, Juergen"]
[Black "Bowmer, Kevin"]
[Result "1/2-1/2"]
[Annotator "ChessBase"]
[ECO "B83"]
[WhiteElo "2168"]
[BlackElo "2126"]
[PlyCount "58"]
[EventDate "2025.04.05"]
[EventType "team-tourn"]
[EventCountry "POL"]
[SourceTitle "playchess.com"]
[Source "ChessBase"]
[SourceQuality "1"]
[WhiteTeam "Germany"]
[BlackTeam "England"]
[WhiteTeamCountry "GER"]
[BlackTeamCountry "ENG"]
[TimeControl "40/5400+30:1800+30"]

1. e4 c5 2. Nf3 d6 3. d4 cxd4 4. Nxd4 Nf6 5. Nc3 Nc6 6. Be2 e6 7. Be3 Be7 8. O-O O-O 9. f4 Bd7 10. Nb3 a6 11. a4 Rc8 12. a5 Qc7 13. Bb6 Qb8 14. Bf3 Nb4 15. Rf2 Bc6 16. Qd4 d5 17. e5 Nd7 18. Kh1 Nxb6 19. axb6 Bd7 20. Rd2 Kh8 21. Be2 f6 22. exf6 Rxf6 23. g3 Be8 24. Re1 Bg6 25. Bd3 Nxd3 26. cxd3 Qd6 27. Rde2 Bd8 28. Na4 Bh5 29. Re5 Bg4 1/2-1/2

[Event "ESTCC-65 2025"]
[Site "Swidnica"]
[Date "2025.04.13"]
[Round "9.15"]
[White "Hewson, Brian W R"]
[Black "Topchii, Gennadii"]
[Result "1-0"]
[Annotator "ChessBase"]
[ECO "A38"]
[WhiteElo "2066"]
[BlackElo "2012"]
[PlyCount "111"]
[EventDate "2025.04.05"]
[EventType "team-tourn"]
[EventCountry "POL"]
[SourceTitle "playchess.com"]
[Source "ChessBase"]
[SourceQuality "1"]
[WhiteTeam "England"]
[BlackTeam "Germany"]
[WhiteTeamCountry "ENG"]
[BlackTeamCountry "GER"]
[TimeControl "40/5400+30:1800+30"]

1. c4 Nf6 2. Nf3 c5 3. g3 Nc6 4. Bg2 g6 5. Nc3 Bg7 6. O-O O-O 7. a3 d5 8. cxd5 Nxd5 9. Nxd5 Qxd5 10. d3 Qd7 11. Rb1 b6 12. Bd2 Bb7 13. Qc1 Rfd8 14. Bh6 Bh8 15. Qc2 Rac8 16. Rfc1 e5 17. Qa4 Nd4 18. Qxd7 Nxf3+ 19. Bxf3 Rxd7 20. Bxb7 Rxb7 21. Rc2 Bf6 22. Be3 Be7 23. d4 exd4 24. Bxd4 Rd8 25. Be3 Rbd7 26. Kg2 f5 27. h4 Kf7 28. Kf3 Ke6 29. Bf4 Rd1 30. Rxd1 Rxd1 31. Bb8 Rd7 32. e4 Rd3+ 33. Ke2 fxe4 34. Bxa7 Rb3 35. a4 Kd5 36. g4 Kc6 37. Bb8 Bf6 38. h5 Bxb2 39. hxg6 hxg6 40. Bf4 Bd4 41. Bc1 Kd5 42. Ra2 Rb1 43. Bd2 Rb2 44. Rxb2 Bxb2 45. a5 b5 46. a6 Kc6 47. Ke3 Bd4+ 48. Kxe4 Bxf2 49. Ke5 Bd4+ 50. Kf4 Bf6 51. Be3 c4 52. Ke4 b4 53. a7 Kb7 54. Kd5 b3 55. Bc1 c3 56. Ke4 1-0

[Event "ESTCC-65 2025"]
[Site "Swidnica"]
[Date "2025.04.13"]
[Round "9.16"]
[White "Dietze, Frank"]
[Black "Reynolds, D Ian W"]
[Result "1-0"]
[Annotator "ChessBase"]
[ECO "E35"]
[WhiteElo "2102"]
[BlackElo "1926"]
[PlyCount "51"]
[EventDate "2025.04.05"]
[EventType "team-tourn"]
[EventCountry "POL"]
[SourceTitle "playchess.com"]
[Source "ChessBase"]
[SourceQuality "1"]
[WhiteTeam "Germany"]
[BlackTeam "England"]
[WhiteTeamCountry "GER"]
[BlackTeamCountry "ENG"]
[TimeControl "40/5400+30:1800+30"]

1. d4 Nf6 2. c4 e6 3. Nc3 Bb4 4. Qc2 d5 5. cxd5 exd5 6. Bg5 h6 7. Bh4 O-O 8. e3 Nbd7 9. Nf3 c6 10. Bd3 Qa5 11. O-O Bxc3 12. bxc3 Re8 13. Nd2 Qa3 14. Rab1 g5 15. Bg3 Qe7 16. e4 dxe4 17. Nxe4 Nxe4 18. Rbe1 Ndf6 19. f3 Be6 20. fxe4 Nh5 21. d5 cxd5 22. exd5 Nxg3 23. Rf2 Qc5 24. dxe6 fxe6 25. hxg3 Rf8 26. Rxe6 1-0